Map: Jagannatha LE

Players

Cyan

  • Race: Protoss Protoss
  • Spawn Location: 7:00

RagnaroK (SHIN) - Winner!

  • Race: Zerg Zerg
  • Spawn Location: 1:00

Event: IEM Katowice 2021

VOD

Have the link to the VOD?

Description

Time

  • Played on: Feb. 20, 2021, 12:03 p.m.
  • Length: 13:47

All games in this series

Show
View Real Time Build Order
Export as new Build Order

Cyan Protoss 

Build Orders:  

Get SALT Encoding   

  12  0:00  Probe  
  13  0:12  Probe  
  14  0:20  Pylon  
  14  0:24  Probe  
  15  0:38  Probe (Chrono Boost)  
  16  0:47  Probe (Chrono Boost)  
  17  0:52  Probe (Chrono Boost)  
  17  0:56  Forge  
  18  0:57  Gateway  
  18  1:04  Probe  
  19  1:15  Pylon  
  19  1:16  Probe  
  20  1:25  Assimilator  
  20  1:28  Probe  
  20  1:31  Photon Cannon  
  21  1:37  Pylon  
  22  1:47  Pylon  
  22  1:50  Cybernetics Core  
  22  1:54  Zealot (Chrono Boost)  
  21  1:58  Probe  
  24  2:10  Probe  
  25  2:23  Nexus  
  25  2:27  Adept (Chrono Boost)  
  27  2:33  Probe  
  28  2:37  Assimilator  
  28  2:38  Warp Gate (Chrono Boost)  
  28  2:45  Probe  
  28  2:50  Pylon  
  29  2:57  Probe  
  30  3:08  Adept  
  30  3:10  Probe  
  33  3:13  Gateway  
  33  3:22  Gateway  
  31  3:28  Probe  
  31  3:33  Pylon  
  30  3:38  Pylon  
  30  3:41  Probe x2 (Chrono Boost)  
  32  3:52  Gateway  
  32  3:55  Probe x2 (Chrono Boost)  
  34  4:02  Probe  
  34  4:03  Probe  
  36  4:14  Probe  
  36  4:15  Probe (Chrono Boost)  
  38  4:21  Stalker  
  38  4:22  Adept x2  
  44  4:27  Probe (Chrono Boost)  
  46  4:31  Stargate  
  46  4:32  Stargate, Probe (Chrono Boost)  
  46  4:35  Probe (Chrono Boost)  
  48  4:39  Probe (Chrono Boost)  
  48  4:41  Probe  
  49  4:45  Adept x2  
  49  4:46  Adept  
  49  4:50  Probe  
  56  4:54  Assimilator  
  56  4:56  Assimilator, Probe  
  57  5:02  Pylon, Probe  
  58  5:08  Probe  
  58  5:11  Pylon  
  58  5:12  Void Ray (Chrono Boost)  
  59  5:18  Void Ray (Chrono Boost)  
  59  5:19  Protoss Air Weapons Level 1  
  63  5:24  Pylon  
  63  5:25  Zealot  
  69  5:41  Pylon  
  69  5:42  Void Ray (Chrono Boost)  
  71  5:51  Nexus  
  71  5:58  Void Ray (Chrono Boost)  
  75  6:07  Shield Battery  
  75  6:14  Probe x2  
  75  6:17  Pylon  
  77  6:20  Void Ray (Chrono Boost), Robotics Facility  
  81  6:26  Probe  
  81  6:27  Probe  
  81  6:31  Void Ray (Chrono Boost)  
  81  6:37  Zealot  
  81  6:39  Probe x2  
  89  6:51  Probe x2  
  89  6:52  Twilight Council  
  91  7:00  Protoss Ground Weapons Level 1  
  91  7:03  Probe x2 (Chrono Boost)  
  91  7:04  Probe (Chrono Boost)  
  91  7:05  Assimilator  
  91  7:07  Pylon, Assimilator  
  94  7:10  Observer  
  94  7:15  Robotics Bay, Probe (Chrono Boost)  
  98  7:16  Probe (Chrono Boost)  
  98  7:21  Probe (Chrono Boost)  
  98  7:24  Probe x2 (Chrono Boost)  
  98  7:28  Probe (Chrono Boost)  
  98  7:29  Void Ray  
  101  7:31  Probe  
  101  7:36  Probe  
  95  7:46  Void Ray, Observer (Chrono Boost)  
  95  7:48  Charge  
  95  7:49  Gateway  
  94  7:53  Gateway  
  94  7:54  Photon Cannon  
  94  7:55  Probe  
  94  7:56  Gateway x2  
  99  7:59  Pylon  
  99  8:00  Photon Cannon  
  99  8:07  Zealot x3  
  102  8:13  Colossus  
  102  8:16  Probe (Chrono Boost)  
  102  8:17  Probe (Chrono Boost)  
  102  8:18  Probe (Chrono Boost)  
  102  8:22  Void Ray  
  91  8:28  Probe (Chrono Boost)  
  91  8:30  Probe (Chrono Boost)  
  91  8:33  Probe (Chrono Boost)  
  73  8:34  Extended Thermal Lance  
  98  8:35  Probe (Chrono Boost)  
  98  8:36  Probe (Chrono Boost)  
  98  8:40  Void Ray, Shield Battery  
  100  8:41  Probe  
  100  8:42  Probe  
  106  8:53  Probe x2  
  106  8:54  Probe  
  109  9:01  Stalker x2  
  109  9:02  Void Ray  
  109  9:05  Probe  
  111  9:12  Colossus (Chrono Boost)  
  117  9:23  Phoenix  
  119  9:24  Adept  
  117  9:36  Protoss Ground Weapons Level 2  
  116  9:41  Shield Battery, Probe x2 (Chrono Boost)  
  116  9:42  Probe (Chrono Boost)  
  116  9:45  Phoenix  
  121  9:46  Sentry  
  121  9:48  Pylon  
  121  9:51  Probe (Chrono Boost)  
  124  9:53  Probe (Chrono Boost)  
  124  9:55  Pylon  
  125  10:06  Probe, Phoenix  
  127  10:09  Observer  
  127  10:10  Phoenix  
  127  10:11  Colossus (Chrono Boost)  
  132  10:17  Probe x2  
  132  10:18  Probe  
  138  10:27  Sentry  
  140  10:29  Gateway  
  140  10:31  Gateway  
  140  10:34  Gateway  
  140  10:35  Gateway  
  140  10:41  Phoenix  
  141  10:58  Photon Cannon  
  141  11:01  Pylon  
  141  11:04  Robotics Facility  
  141  11:14  Disruptor  
  141  11:15  Probe  
  131  11:21  Zealot x7  
  113  11:31  Probe x2  
  90  11:41  Probe  
  90  11:43  Probe x2  
  90  11:45  Pylon  
  87  11:51  Zealot x7  
  87  11:52  Zealot  
  87  11:54  Probe  
  90  11:55  Pylon, Probe  
  91  12:03  Probe  
  91  12:06  Disruptor (Chrono Boost)  
  91  12:07  Templar Archives  
  91  12:08  Probe  
  96  12:13  Adept  
  96  12:14  Sentry x2  
  102  12:16  Sentry  
  102  12:19  Probe  
  102  12:20  Probe  
  107  12:25  Disruptor (Chrono Boost)  
  109  12:35  Colossus (Chrono Boost)  
  115  12:45  High Templar x2  
  115  12:46  High Templar x4  
  115  12:47  Pylon  
  115  12:49  Archon  
  115  12:50  Archon  
  126  13:08  High Templar  
  126  13:09  High Templar  
  126  13:11  Sentry  
  121  13:26  Zealot x2  
  121  13:27  Zealot x2  
  114  13:29  Zealot  
  106  13:35  Zealot  
  106  13:36  Zealot x2  
Show
View Real Time Build Order
Export as new Build Order

RagnaroK Zerg - Winner!

Build Orders: Hatch First, Muta Ling Bane 

Get SALT Encoding   

  12  0:00  Drone  
  13  0:08  Drone  
  14  0:16  Overlord  
  14  0:22  Extractor  
  14  0:23  Drone  
  16  0:35  Drone x2  
  17  0:53  Hatchery  
  17  0:56  Drone  
  17  1:00  Drone  
  18  1:05  Drone  
  18  1:11  Extractor  
  18  1:18  Spawning Pool  
  18  1:22  Drone  
  18  1:27  Drone  
  20  1:46  Hatchery  
  18  1:50  Drone  
  19  2:06  Zergling x2, Hatchery  
  20  2:09  Queen  
  21  2:16  Zergling x2  
  21  2:20  Metabolic Boost  
  22  2:26  Overlord  
  22  2:45  Zergling x2  
  22  2:46  Zergling x2  
  22  2:47  Queen  
  26  2:58  Drone, Queen  
  28  2:59  Drone  
  30  3:06  Drone  
  30  3:11  Zergling x2  
  32  3:14  Drone  
  32  3:19  Queen  
  33  3:21  Drone  
  35  3:27  Drone x2  
  35  3:31  Drone x2  
  39  3:34  Drone  
  39  3:39  Overlord  
  40  3:41  Drone  
  40  3:46  Overlord  
  41  3:57  Drone  
  41  4:00  Drone  
  41  4:01  Drone x3  
  46  4:05  Drone x2  
  46  4:08  Roach Warren  
  47  4:10  Zergling x4  
  47  4:14  Zergling x4  
  51  4:22  Overlord  
  51  4:23  Drone  
  51  4:24  Drone x3  
  55  4:30  Drone x2  
  57  4:32  Extractor  
  57  4:33  Zergling x4  
  57  4:35  Overlord  
  58  4:38  Overlord  
  58  4:41  Drone  
  58  4:42  Drone  
  60  4:48  Lair  
  60  4:52  Overlord  
  60  4:55  Drone x4  
  65  5:00  Zergling x6  
  65  5:01  Zergling x2  
  65  5:05  Drone x2  
  65  5:06  Drone  
  71  5:08  Drone x2  
  73  5:17  Zergling x2  
  73  5:18  Drone x4  
  73  5:20  Overlord  
  73  5:21  Extractor  
  77  5:29  Drone  
  77  5:30  Drone x4  
  77  5:31  Overlord  
  77  5:34  Overlord  
  81  5:39  Overlord  
  81  5:40  Drone x2  
  78  5:46  Overseer  
  78  5:47  Hydralisk Den  
  78  5:48  Drone x3  
  78  5:49  Extractor  
  79  5:52  Drone, Spore Crawler  
  79  5:58  Drone  
  79  5:59  Drone x6  
  79  6:00  Spore Crawler  
  79  6:01  Extractor  
  79  6:02  Extractor  
  79  6:03  Spore Crawler  
  80  6:08  Overlord  
  79  6:16  Hydralisk x5  
  89  6:19  Grooved Spines  
  89  6:20  Hydralisk  
  91  6:29  Hydralisk x4  
  98  6:36  Drone  
  99  6:41  Zergling x2  
  99  6:42  Zergling x4  
  99  6:44  Overlord  
  102  6:47  Zergling x6, Hatchery  
  102  6:52  Spire  
  103  6:56  Zergling x8  
  107  7:02  Hydralisk  
  107  7:03  Hydralisk x2  
  107  7:05  Zergling x4  
  115  7:09  Zergling x2  
  115  7:10  Zergling x4  
  118  7:15  Zergling x2  
  118  7:16  Zergling x6  
  118  7:22  Overlord x2  
  122  7:25  Overlord  
  109  7:45  Drone x2  
  109  7:46  Drone  
  109  7:51  Muscular Augments  
  112  7:53  Baneling Nest, Drone x2  
  112  7:55  Evolution Chamber  
  112  7:58  Queen  
  112  7:59  Queen  
  112  8:03  Mutalisk x4  
  112  8:04  Mutalisk x5  
  134  8:12  Drone x7  
  132  8:23  Drone x6  
  132  8:28  Spore Crawler  
  131  8:36  Centrifical Hooks  
  131  8:37  Hydralisk, Zerg Missile Weapons Level 1  
  131  8:38  Zergling x6, Spore Crawler x2  
  131  8:39  Zergling x2  
  135  8:42  Hydralisk  
  135  8:43  Zergling x2  
  135  8:45  Drone  
  135  8:48  Overlord  
  139  8:49  Zergling x4  
  139  8:52  Queen  
  139  8:55  Zergling x4  
  145  8:56  Hydralisk  
  147  9:03  Hydralisk  
  147  9:04  Zergling x6  
  147  9:07  Hydralisk  
  147  9:08  Zergling x4  
  154  9:11  Drone x6  
  154  9:16  Overlord  
  160  9:17  Overlord x2  
  160  9:24  Overlord  
  160  9:32  Overlord  
  160  9:35  Hydralisk  
  160  9:36  Zergling x10, Hatchery  
  166  9:40  Hydralisk x3  
  166  9:41  Hydralisk  
  166  9:45  Overseer  
  174  9:47  Hydralisk, Zergling x2  
  174  9:48  Zergling x6  
  174  9:52  Infestation Pit  
  179  9:53  Extractor  
  179  9:54  Zergling x6  
  179  10:09  Drone x4  
  179  10:11  Extractor  
  179  10:14  Baneling x38  
  182  10:15  Baneling x2  
  182  10:16  Baneling x3  
  182  10:19  Baneling x5  
  182  10:23  Zergling x10  
  187  10:28  Spore Crawler  
  187  10:30  Drone x5  
  187  10:32  Zerg Missile Weapons Level 2  
  191  10:36  Hive  
  191  10:38  Zergling x4  
  191  10:39  Zergling x2  
  192  10:47  Zergling x14  
  192  10:48  Zergling x4  
  199  10:54  Zergling x2  
  199  10:55  Zergling x6  
  199  11:02  Overseer  
  191  11:05  Evolution Chamber  
  191  11:07  Overlord  
  191  11:09  Drone x4  
  191  11:10  Zergling x14, Drone  
  200  11:16  Zergling x6  
  180  11:21  Hydralisk  
  180  11:22  Zergling x6  
  163  11:28  Zergling x2  
  114  11:48  Hydralisk x10  
  114  11:53  Viper x3  
  134  11:54  Hydralisk  
  134  11:55  Hydralisk x4, Glial Reconstitution  
  134  11:59  Roach  
  146  12:03  Queen  
  146  12:04  Hydralisk  
  146  12:05  Roach x3  
  146  12:08  Roach  
  158  12:09  Ultralisk Cavern  
  158  12:11  Hydralisk  
  158  12:14  Hydralisk  
  158  12:15  Zergling x4  
  163  12:17  Zergling x6, Overseer  
  163  12:18  Spine Crawler  
  163  12:21  Zergling x4, Spore Crawler  
  166  12:24  Hydralisk, Zergling x2  
  166  12:26  Hydralisk, Extractor  
  166  12:27  Zergling x12  
  176  12:30  Zergling x8  
  176  12:36  Roach x2  
  184  12:38  Roach  
  184  12:40  Roach  
  184  12:43  Roach  
  184  12:44  Overlord  
  189  12:45  Roach x2  
  189  12:49  Zergling x4, Roach  
  197  12:57  Zergling x6  
  200  13:05  Hatchery  
  198  13:11  Baneling x6  

Tags
 
Add a new tag
Caveats
  • Supply blocks, unpowered buildings, or Contaminate may cause inaccurate times.
  • Supply counts are checked every 10 seconds.